 Dungeon Crawl Stone Soup version 0.27-a0-92-g39ad13b146 (webtiles) character file.

Game seed: 12874983888615370335

37 knot the Chopper (level 3, 0/29 HPs)
             Began as a Demonspawn Berserker on Jan 16, 2021.
             Was a Believer of Trog.
             Slain by a goblin (2 damage)
             ... on level 2 of the Dungeon.
             The game lasted 00:00:52 (2059 turns).

knot the Chopper (Demonspawn Berserker)             Turns: 2059, Time: 00:00:54

Health: 0/29       AC:  2    Str: 17    XL:     3   Next: 23%
Magic:  3/3        EV: 12    Int:  9    God:    Trog [**....]
Gold:   44         SH:  0    Dex: 12    Spells: 2/2 levels left

rFire    . . .     SeeInvis .   a - +0 hand axe
rCold    . . .     Faith    .   (no shield)
rNeg     . . .     Spirit   .   b - +0 animal skin
rPois    .         Reflect  .   (helmet restricted)
rElec    .         Harm     .   (no cloak)
rCorr    .         Rampage  .   (no gloves)
Will     .....                  (no boots)
Stlth    +.........             (no amulet)
HPRegen  0.09/turn              (no ring)
MPRegen  0.08/turn              (no ring)

@: berserk cooldown, slowed, very slow
A: antennae 1
a: Renounce Religion, Berserk, Trog's Hand


You were on level 2 of the Dungeon.
You worshipped Trog.
Trog was pleased with you.
You visited 1 branch of the dungeon, and saw 2 of its levels.

You collected 44 gold pieces.

Inventory:

Hand Weapons
 a - a +0 hand axe (weapon)
Missiles
 c - 11 stones
 g - 12 sling bullets
Armour
 b - a +0 animal skin (worn)
Scrolls
 d - a scroll of identify {unknown}
 f - a scroll of random uselessness {unknown}
Potions
 e - a potion of ambrosia {unknown}


   Skills:
 - Level 3.0 Fighting
 + Level 4.0 Axes
 - Level 1.7 Armour
 - Level 1.7 Dodging


You had 2 spell levels left.
You didn't know any spells.
Your spell library was empty.

Dungeon Overview and Level Annotations

Branches:
Dungeon (2/15)

Altars:


Innate Abilities, Weirdness & Mutations

You have a pair of small antennae on your head.


Message History

You see here a stone.
The goblin throws a stone.
The stone hits you but does no damage.
The goblin throws a stone.
The stone barely misses you.
You hit the kobold.
The kobold is moderately wounded.
The kobold hits you with a +0 whip.
* * * LOW HITPOINT WARNING * * *
You closely miss the kobold.
The kobold is moderately wounded.
The kobold hits you but does no damage. The kobold misses you.
You hit the kobold.
The kobold is severely wounded.
The kobold misses you.
You closely miss the kobold.
The kobold is severely wounded.
You closely miss the goblin. The kobold hits you with a +0 whip.
* * * LOW HITPOINT WARNING * * *
The goblin closely misses you. The kobold completely misses you.
The goblin hits you.
You die...

#.##.# #.g#.# #####.#.#
#.......# #.......#
#.....(K# #......(#
#[......############
#......>.K@.........
####.....g##...##########
#......##.....<......#
#......##.(..#.......#
#......##....#########
#......##..........
#......##...#######
#########...# #####


You could see a goblin and a kobold.

Vanquished Creatures
  An ooze (D:1)
  A dart slug (D:1)
  A leopard gecko (D:1)
  3 orcs (D:2)
  A giant cockroach (D:1)
  5 goblins (D:1)
  4 hobgoblins (D:1)
  3 kobolds (D:1)
  A bat (D:2)
  A frilled lizard (D:1)
  5 rats
26 creatures vanquished.

Notes
Turn   | Place    | Note
-------+----------+-------------------------------------------
     0 | D:1      | knot the Demonspawn Berserker began the quest for the Orb.
     0 | D:1      | Reached XP level 1. HP: 18/18 MP: 1/1
    16 | D:1      | Reached skill level 3 in Axes
   136 | D:1      | Gained mutation: You have a pair of small antennae on your
                  | head. [demonic ancestry]
   136 | D:1      | Reached XP level 2. HP: 23/24 MP: 2/2
  1907 | D:1      | Reached XP level 3. HP: 25/29 MP: 3/3
  2038 | D:2      | Reached ** piety under Trog
  2043 | D:2      | Reached skill level 4 in Axes
  2059 | D:2      | Slain by a goblin

Illustrated notes

Levels and vault maps discovered:
D:1:      minmay_arrival_diagonal_passages, layout_basic
D:2:      layout_basic

Skill      XL: |  1  2  3 |
---------------+----------+-----
Axes           | 3 4 |  4.0
Fighting       | |  3.0
Armour         | |  1.7
Dodging        | |  1.7

Action                   || total
-------------------------++-------
Melee: Hand axe          ||    85
Invok: Berserk           ||     2
 Stab: Sleeping          ||     2
Armor: Animal skin       ||    11
Dodge: Dodged            ||    52

Table legend: (Time is in decaauts)
 A = Elapsed time spent in this place.
 B = Non-inter-level travel time spent in this place.
 C = Inter-level travel time spent in this place.
 D = Time resting spent in this place.
 E = Time spent auto-exploring this place.
 F = Levels seen in this place.
 G = Mean time per level.
                   A        B        C        D        E       F      G
               +--------+--------+--------+--------+--------+-----+--------+
         Total |   2084 |   2058 |     26 |    364 |   1507 |   2 | 1042.0 |
       Dungeon |   2084 |   2058 |     26 |    364 |   1507 |   2 | 1042.0 |
               +--------+--------+--------+--------+--------+-----+--------+

Top non-repeatable levels by time:
     D:1: 2017 daAuts
     D:2: 66 daAuts
